 Dungeon Crawl Stone Soup version 0.26-a0-690-gcb57259078 (webtiles) character file.

Game seed: 11351317892876258925

1527 lunkers the Shield-Bearer (level 8, -4/55 (57) HPs)
             Began as an Octopode Fighter on Oct 23, 2020.
             Slain by a water moccasin (5 damage)
             ... on level 6 of the Dungeon.
             The game lasted 00:08:28 (7091 turns).

lunkers the Shield-Bearer (Octopode Fighter)        Turns: 7091, Time: 00:08:28

HP:   -4/55 (57)    AC:  1    Str: 15    XL:     8   Next: 85%
MP:   8/8           EV: 12    Int: 11    God:
Gold: 319           SH: 10    Dex: 13    Spells: 7/7 levels left

rFire    + + .     SeeInvis .   a - +8 mace of Peace {venom, rElec}
rCold    + . .     Faith    .   b - +0 kite shield
rNeg     . . .     Spirit   .   (helmet restricted)
rPois    .         Reflect  .   (no amulet)
rElec    +         Harm     .   i - ring of protection from magic
rCorr    .         Rampage  .   k - ring of protection from fire
MR       +....                  H - ring of protection from fire
Stlth    ++........             y - ring of protection from cold
HPRegen  0.18/turn              (no ring)
MPRegen  0.11/turn              (no ring)
                                (no ring)
                                (no ring)

@: lethally poisoned (-4 -> -13)
A: almost no armour, stealthy swim, amphibious, 8 rings, constrict 8, camouflage
1, gelatinous body 1
a: no special abilities


You were on level 6 of the Dungeon.
You visited 1 branch of the dungeon, and saw 6 of its levels.
You also visited: Sewer.

You collected 319 gold pieces.

Inventory:

Hand Weapons
 a - the +8 mace of Peace (weapon) {venom, rElec}
   (You found it on level 4 of the Dungeon)

   It poisons the flesh of those it strikes.
   It insulates you from electricity.
 o - a +3 hand axe of freezing
Armour
 b - a +0 kite shield (worn)
Jewellery
 i - a ring of protection from magic (left tentacle)
 k - a ring of protection from fire (right tentacle)
 y - a ring of protection from cold (on tentacle)
 F - an uncursed amulet of faith
 H - a ring of protection from fire (on tentacle)
Wands
 s - a wand of digging (7)
 v - a wand of random effects (34)
 D - a wand of polymorph (7)
Scrolls
 f - a scroll of amnesia
 h - a scroll of enchant weapon
 j - a scroll of fog {unknown}
 l - 2 scrolls of remove curse
 n - 2 scrolls of random uselessness {unknown}
 p - 7 scrolls of teleportation {unknown}
 r - a scroll of immolation {unknown}
 u - 2 scrolls of magic mapping {unknown}
 x - 4 scrolls of blinking {unknown}
 E - a scroll of fear {unknown}
 G - a scroll of noise {unknown}
 I - 4 scrolls of identify
Potions
 c - 2 potions of might
 d - 10 potions of heal wounds
 e - a potion of flight
 g - 2 potions of mutation
 m - a potion of stabbing
 q - 2 potions of haste
 t - a potion of berserk rage {unknown}
 w - a potion of experience {unknown}
 z - a potion of lignification {unknown}
 A - 2 potions of magic
 B - a potion of curing {unknown}
 C - a potion of cancellation {unknown}
 J - a potion of ambrosia {unknown}


   Skills:
 + Level 6.1 Fighting
 - Level 4.9(6.3) Axes
 * Level 5.9(6.7) Maces & Flails
 - Level 3.0 Dodging
 + Level 6.1 Shields


You had 7 spell levels left.
You didn't know any spells.
Your spell library was empty.

Dungeon Overview and Level Annotations

Branches:
Dungeon (6/15)              Sewer (visited)
 Temple: D:4-7

Altars:
Qazlal


Innate Abilities, Weirdness & Mutations

You cannot wear most types of armour.
You are very stealthy in the water. (Stealth+)
You are amphibious.
You can wear up to eight rings at the same time.
You can use your tentacles to constrict eight enemies at once.
Your skin changes colour to match your surroundings (Stealth+).
Your rubbery body absorbs attacks. (AC +1, EV +1)


Message History

The adder bites you.
* * * LOW HITPOINT WARNING * * *
You are more poisoned.
The adder poisons you! You block the bullfrog's attack.
You bludgeon the bullfrog!! You grab the bullfrog. You squeeze the bullfrog.
You kill the bullfrog!
You constrict the water moccasin.
You feel sick. The water moccasin closely misses you. The adder misses you.
The water moccasin bites you.
* * * LOW HITPOINT WARNING * * *
You block the adder's attack.
You barely miss the adder. Your grab misses the adder.
You constrict the water moccasin.
* * * LOW HITPOINT WARNING * * *
You feel sick. The water moccasin bites you.
* * * LOW HITPOINT WARNING * * *
The adder bites you.
* * * LOW HITPOINT WARNING * * *
The water moccasin bites you.
You die...

#### ...#
############### ...#
.............. ...#
#.#..........# ...#
#.#..........# ...#
#.#....!.....# ...#
#.#....S.S...# ...####
#.#.....@....###
......#
#.#..........'.#
#'###.#
#.#..........#.#
#.###.###.#..........#
.........>#...!......#
#.###[....#..........#
#.# #####.###'########
#'#### #.# #.# .[...#
#.###.#


You could see a water moccasin and an adder.

Vanquished Creatures
  A phantom (D:4)
  An orc warrior (D:6)
  A necrophage (D:6)
  An ogre (D:5)
  A centaur (D:6)
  3 bullfrogs (D:6)
  2 scorpions (D:4)
  A centaur zombie (D:6)
  A jelly (D:5)
  7 orc wizards
  3 hounds
  A bullfrog skeleton (D:5)
  Natasha (twice) (D:2)
  4 worker ants
  A worker ant zombie (D:6)
  3 gnolls (D:4)
  9 adders
  2 river rats (Sewer)
  An ooze (D:1)
  An adder zombie (D:4)
  5 worms
  4 dart slugs
  7 leopard geckos
  13 orcs
  8 bats
  5 giant cockroaches
  8 goblins
  5 hobgoblins
  8 jackals
  A quokka (D:6)
  6 ball pythons
  12 frilled lizards
  5 kobolds
  2 leopard gecko skeletons
  A quokka zombie (D:5)
  13 rats
149 creatures vanquished.

Notes
Turn   | Place    | Note
-------+----------+-------------------------------------------
     0 | D:1      | lunkers the Octopode Fighter began the quest for the Orb.
     0 | D:1      | Reached XP level 1. HP: 16/16 MP: 1/1
   131 | D:1      | Reached XP level 2. HP: 17/21 MP: 2/2
   549 | D:1      | Reached XP level 3. HP: 26/26 MP: 3/3
  1200 | D:2      | Found a stormy altar of Qazlal.
  1266 | D:2      | Noticed Natasha
  1270 | D:2      | Killed Natasha
  1270 | D:2      | Reached XP level 4. HP: 31/31 MP: 4/4
  1393 | D:2      | Noticed Natasha
  1403 | D:2      | Killed Natasha
  1951 | D:2      | Reached XP level 5. HP: 35/37 MP: 5/5
  2470 | D:3      | Reached XP level 6. HP: 23/43 MP: 6/6
  3286 | D:4      | Got a warped mace
  3287 | D:4      | Identified the +8 mace of Peace {venom, rElec} (You found
                  | it on level 4 of the Dungeon)
  3355 | D:4      | Reached skill level 1 in Maces & Flails
  3500 | D:4      | Noticed a phantom
  3514 | D:4      | Killed a phantom
  3514 | D:4      | Reached XP level 7. HP: 15/49 MP: 7/7
  4625 | D:5      | Entered Level 5 of the Dungeon
  4806 | D:5      | Found a glowing drain.
  4812 | D:5      | Reached skill level 5 in Shields
  4817 | Sewer    | Entered a sewer
  4839 | Sewer    | Reached skill level 5 in Fighting
  5267 | D:5      | Reached XP level 8. HP: 11/55 MP: 8/8
  6524 | D:6      | Reached skill level 5 in Maces & Flails
  7091 | D:6      | HP: 2/55 [water moccasin (5)]
  7091 | D:6      | Slain by a water moccasin

Illustrated notes

Levels and vault maps discovered:
D:1:      minmay_arrival_glassed_features, layout_loops_ring
D:2:      layout_loops_corners, nicolae_overflow_hidden_temple, uniq_natasha
D:3:      layout_basic
D:4:      layout_cave_pods
D:5:      layout_loops_ring, gup_sewer_entry_bubbles
D:6:      layout_basic

Skill      XL: |  1  2  3  4  5  6  7  8 |
---------------+-------------------------+-----
Axes           | 3 4 |  4.9
Shields        | 4 5 6 |  6.1
Fighting       | 4 5 6 |  6.1
Maces & Flails | 1 3 5 |  5.9
Dodging        | |  3.0

Action                   |  1- 3 |  4- 6 |  7- 9 || total
-------------------------+-------+-------+-------++-------
Melee: War axe           |    57 |    19 |       ||    76
       Tentacles         |     6 |    15 |    22 ||    43
       Constrict         |    13 |    24 |    28 ||    65
       Hand axe          |       |    74 |       ||    74
       Mace              |       |    17 |   127 ||   144
  Use: Scroll            |       |       |     8 ||     8
 Stab: Sleeping          |     6 |     5 |     6 ||    17
Armor: Skin              |     4 |     2 |     4 ||    10
Dodge: Dodged            |    26 |    45 |    45 ||   116
Block: Kite shield       |    25 |    40 |    62 ||   127

Table legend: (Time is in decaauts)
 A = Elapsed time spent in this place.
 B = Non-inter-level travel time spent in this place.
 C = Inter-level travel time spent in this place.
 D = Time resting spent in this place.
 E = Time spent auto-exploring this place.
 F = Levels seen in this place.
 G = Mean time per level.
                   A        B        C        D        E       F      G
               +--------+--------+--------+--------+--------+-----+--------+
         Total |   7163 |   7047 |    116 |    191 |   5865 |   7 | 1023.3 |
       Dungeon |   6813 |   6697 |    116 |    191 |   5633 |   6 | 1135.5 |
         Sewer |    349 |    349 |      0 |      0 |    232 |   1 |  349.0 |
               +--------+--------+--------+--------+--------+-----+--------+

Top non-repeatable levels by time:
     D:4: 1456 daAuts
     D:2: 1287 daAuts
     D:6: 1170 daAuts
     D:3: 1024 daAuts
     D:5: 967 daAuts
     D:1: 907 daAuts
   Sewer: 349 daAuts
